AoeStats
← PiroTrix

Arabia

509979175Analyzed
1v1 RM · 3d ago on Sep 28, 2026· 26m 1s· 2 players
Game mode
Random Map
Map size
Tiny (2 player)
Population
200
Speed
Normal
Resources
Standard
Victory
Conquest
Starting age
Dark Age
Ending age
Imperial Age
RankedLock teamsTeams togetherTeam positionsShared explorationLock speedFull tech treeHidden civsTurbo modeCheats
Victory
Defeat
🇧🇩 Bengalis · Bangladesh
589
+19
🇨🇱 Franks · Chile
646
-25
BigOgre
5:39 Loom
10:21 Feudal Age
15:44 Castle Age
14:10 Horse Collar
15:44 Double-Bit Axe
24:10 Bloodlines
24:00 Husbandry
24:57 Heavy Plow
PiroTrix
11:28 Feudal Age
12:34 Double-Bit Axe
21:34 Castle Age
25:25 Fletching
26:17 Husbandry
Connection lost

Rejoining the realm…

Still unreachable

The connection could not be restored.

Session expired

The server has moved on; the page needs a fresh start.